 Dungeon Crawl Stone Soup version 0.31-a0-986-g5e6e4ef867 (webtiles) character file.

Game seed: 9129445540785958944

2168 sokol815 the Slicer (level 9, -10/52 (57) HPs)
             Began as an Octopode Ice Elementalist on Nov 4, 2023.
             Was a Believer of Wu Jian.
             Mangled by a hell rat (17 damage)
             ... on level 7 of the Dungeon.
             The game lasted 00:15:31 (7100 turns).

sokol815 the Slicer (Octopode Ice Elementalist)     Turns: 7100, Time: 00:15:32

HP:   -10/52 (57)   AC:  1    Str:  7    XL:     9   Next: 32%
MP:   4/4           EV: 12    Int: 19    God:    Wu Jian [**....]
Gold: 207           SH:  4    Dex: 15    Spells: 6/13 levels left

rFire   . . .        a - +5 rapier "Fenn" {antimagic, +Blink rC+}
rCold   + . .        h - +0 buckler
rNeg    . . .        g - +0 hat
rPois   .            u - amulet of regeneration
rElec   .            (no ring)
rCorr   .            (no ring)
SInv    .            (no ring)
Will    .....        (no ring)
Stlth   +++          (no ring)
HPRegen 1.08/turn    (no ring)
MPRegen 0.09/turn    (no ring)
                     (no ring)

%: no passive effects
@: drained
A: almost no armour, amphibious, 8 rings, camouflage 1, gelatinous body 1,
(nimble swimmer 1), tentacles
a: Renounce Religion, Evoke Blink, Wall Jump


You were on level 7 of the Dungeon.
You worshipped Wu Jian.
Wu Jian was pleased with you.
You visited 2 branches of the dungeon, and saw 9 of its levels.

You collected 507 gold pieces.
You spent 300 gold pieces at shops.

Inventory:

Hand Weapons
 a - the +5 rapier "Fenn" (weapon) {antimagic, +Blink rC+}
   (You found it on level 2 of the Dungeon)

   rC+:       It protects you from cold.
   +Blink:    It lets you blink.
 b - a +3 dagger of draining
   (You took it off a kobold on level 1 of the Dungeon)
 c - a +1 whip of electrocution
   (You took it off a kobold on level 3 of the Dungeon)
 w - a +3 spear
   (You took it off a gnoll on level 7 of the Dungeon)
 y - a +2 whip of draining
   (You took it off a gnoll on level 7 of the Dungeon)
 z - a +1 dagger of speed
   (You took it off an orc wizard on level 7 of the Dungeon)
 A - a +3 dagger
   (You took it off an orc on level 7 of the Dungeon)
Missiles
 f - 18 poisoned darts
 o - 8 boomerangs
 s - 54 stones
 x - a throwing net {!d}
Armour
 g - a +0 hat (worn)
   (You found it on level 5 of the Dungeon)
 h - a +0 buckler (worn)
   (You found it on level 2 of the Dungeon)
Magical Staves
 n - a staff of fire {rF+}
   (You found it on level 2 of the Dungeon)
 q - a staff of earth
   (You found it on level 4 of the Dungeon)
Jewellery
 u - an amulet of regeneration (around mantle)
   (You bought it in a shop on level 6 of the Dungeon)
 v - an amulet of the acrobat
   (You found it on level 6 of the Dungeon)
Wands
 j - a wand of quicksilver (1)
   (You found it on level 3 of the Dungeon)
 p - a wand of paralysis (7)
   (You found it on level 6 of the Dungeon)
Scrolls
 K - 2 scrolls of immolation {!r}
 Y - a scroll of teleportation {@r3}
Potions
 d - a potion of haste {unknown}
 e - 4 potions of degeneration {unknown}
 i - 3 potions of berserk rage {unknown}
 k - 3 potions of mutation {unknown}
 l - 3 potions of enlightenment {unknown}
 m - a potion of might {unknown}
 r - a potion of attraction {unknown}
 t - 2 potions of heal wounds {unknown}
 M - a potion of magic
 P - a potion of lignification {!q}


   Skills:
 + Level 3.2 Fighting
 * Level 10.7 Short Blades
 - Level 2.0 Dodging
 * Level 3.0 Stealth
 - Level 2.7 Spellcasting
 - Level 5.2 Ice Magic


You had 6 spell levels left.
You knew the following spells:

 Your Spells              Type           Power      Damage    Failure   Level
a - Freeze                Ice            88%        1d9       3%          1
b - Frozen Ramparts       Ice            44%        1d7       9%          3
A - Ozocubu's Armour      Ice            22%        N/A       9%          3

Your spell library contained the following spells:

 Spells                   Type           Power      Damage    Failure   Level
 Inner Flame              Hex/Fire       2%         N/A       61%         3
 Tukima's Dance           Hex            2%         N/A       61%         3
 Summon Ice Beast         Ice/Summ       12%        N/A       65%         4
 Animate Dead             Necr           2%         N/A       95%         4
 Dimensional Bullseye     Hex/Tloc       1%         N/A       95%         4
 Flame Wave               Conj/Fire      2%         2d4       95%         4
 Iskenderun's Mystic Bla  Conj/Tloc      2%         2d3       95%         4
 Sticky Flame             Conj/Fire      2%         2d3       95%         4
 Borgnjor's Vile Clutch   Necr/Erth      1%         N/A       100%        5
 Death Channel            Necr           1%         N/A       100%        6


Dungeon Overview and Level Annotations

Branches:
Dungeon (8/15) Zot: 26945  Temple (1/1) D:4 Zot: 5998
   Lair: D:8-11

Altars:
Ashenzari
Cheibriados
Dithmenos
Elyvilon
Fedhas
Gozag
Hepliaklqana
Kikubaaqudgha
Makhleb
Nemelex Xobeh
Okawaru
Qazlal
Ru
Sif Muna
Trog
Uskayaw
Vehumet
Wu Jian
Xom
Yredelemnul
Zin
The Shining One
Lugonu

Shops:
D:6 *

Annotations:
D:6 exclusion: 4 electric eels
D:7 2 transporters


Innate Abilities, Weirdness & Mutations

You cannot wear most types of armour.
You are amphibious.
You can wear up to eight rings at the same time.
Your skin changes colour to match your surroundings (Stealth+).
Your rubbery body absorbs attacks. (AC +1, EV +1)
((You are camouflaged when in or above water. (Stealth+)))
You have tentacles for arms and can constrict up to eight enemies at once.


Message History

You tentacle-slap the orc wizard, but do no damage.
You hear a bellow! x2
The orc closely misses you. The orc hits you with a +3 dagger.
The orc hits you but does no damage.
A rat comes into view.
The orc wizard hits you with a +1 dagger of speed.
You take 6 damage, and have 38/57 hp.
You block the orc wizard's attack. The orc hits you with a +3 dagger.
The orc hits you with a +0 club.
You climb upwards.
Level annotation: 2 transporters
There is a stone staircase leading down here.
You take 4 damage, and have 34/57 hp.
You are too injured to fight recklessly!
You are too injured to fight recklessly!
You are too injured to fight recklessly!
You miss the orc wizard. Your grab misses the orc wizard.
Your squeeze misses the orc wizard. The orc wizard barely misses you.
You miss the orc wizard. You grab the orc wizard.
You squeeze the orc wizard, but do no damage.
You constrict the orc wizard.
The orc wizard hits you with a +1 dagger of speed.
The orc closely misses you. The orc hits you with a +0 flail!
The orc closely misses you.
The orc wizard hits you with a +1 dagger of speed.
You take 13 damage, and have 21/57 hp.
MASSIVE DAMAGE!!
You puncture the orc wizard!
The orc wizard's magic leaks into the air.
You constrict the orc wizard. The orc hits you with a +0 club.
The orc closely misses you. The orc hits you with a +3 dagger.
* * * LOW HITPOINT WARNING * * *
The orc wizard barely misses you.
You take 5 damage, and have 16/57 hp.
You hit the orc wizard.
You kill the orc wizard!
The Council accepts your kill. You block the orc's attack. The orc misses you.
The orc completely misses you.
Your Stealth skill increases to level 3!
You barely miss the orc. You grab the orc. You constrict the orc.
You puncture the orc!
You kill the orc!
The Council accepts your kill. The orc barely misses you.
The orc closely misses you.
You puncture the orc!
You kill the orc!
The Council accepts your kill. You block the orc's attack.
You barely miss the orc. You grab the orc. You squeeze the orc.
You kill the orc!
The Council accepts your kill.
You see here a +0 club.
You regained 2 hp, and now have 23/57 hp.
Things that are here:
a +3 dagger; an orc corpse
Things that are here:
a +1 dagger of speed; a +0 robe
Things that are here:
a +3 dagger; an orc corpse
Things that are here:
a +1 dagger of speed; a +0 robe
z - a +1 dagger of speed
Things that are here:
a +3 dagger; an orc corpse
A - a +3 dagger You start resting.
Health restored: 57
There is a stone staircase leading down, spattered with blood here.
You climb downwards.
The hell rat bites you!
You feel drained. You block the hell rat's attack.
The orc hits you with a +0 club. x2
A death yak comes into view.
There is a stone staircase leading up, spattered with blood here.
You take 30 damage, and have 27/54 hp.
MASSIVE DAMAGE!!
The hell rat barely misses you. The orc hits you with a +0 whip.
The orc barely misses you.
You climb upwards.
Level annotation: 2 transporters
There is a stone staircase leading down, spattered with blood here.
There are monsters nearby!
You hit the hell rat. You grab the hell rat.
You constrict the hell rat, but do no damage.
The hell rat bites you!!
* * * LOW HITPOINT WARNING * * *
You feel drained.
* * * LOW HITPOINT WARNING * * *
You block the orc's attack. The orc misses you.
The orc hits you with a +0 club.
* * * LOW HITPOINT WARNING * * *
You take 26 damage, and have 2/52 hp.
MASSIVE DAMAGE!!
You feel better.
You constrict the hell rat, but do no damage.
The hell rat barely misses you. The orc hits you with a +0 club.
* * * LOW HITPOINT WARNING * * *
The orc hits you with a +0 whip.
* * * LOW HITPOINT WARNING * * *
You block the orc's attack. The hell rat bites you!
You die...

#########.%.###########..##..
##§.§...#...#..†°.§#####..#..
A#._....'...'...._.#A##......
##§.§.§.#...#.°.☼.§#######.#.
#########...##############...
##.############......
###.##.....#.)####....
###...).o..............[
#.....o@r....#.####..##.
#.....[.o......####..##.
##..####..............## #.##
#.............#...
##.####.###..........###
#.......................
#........##>..........##
#........##..........###
#........##..........###


You could see a hell rat and 3 orcs.

Vanquished Creatures
  A steam dragon (D:7)
  A water moccasin (D:7)
  A sky beast (D:6)
  2 ice beasts (D:6)
  A centaur (D:5)
  An ogre (D:6)
  2 phantoms
  A bullfrog (D:6)
  A gnoll sergeant (D:6)
  2 scorpions
  4 killer bees
  An electric eel (D:6)
  A howler monkey (D:5)
  3 hounds
  A gnoll bouda (D:7)
  A jelly (D:5)
  3 orc priests
  3 iguanas
  7 orc wizards
  6 adders
  11 gnolls
  3 white imps
  4 ufetubi
  3 worms
  3 dart slugs
  22 orcs
  14 ball pythons
  5 bat zombies (D:6)
  5 endoplasms
  4 giant cockroaches
  7 hobgoblins
  8 jackals
  5 quokkas
  12 bats
  4 frilled lizards
  8 goblins
  12 kobolds
  9 rats
182 creatures vanquished.

Notes
Turn   | Place    | Note
-------+----------+-------------------------------------------
     0 | D:1      | sokol815 the Octopode Ice Elementalist began the quest for
                  | the Orb.
     0 | D:1      | Reached XP level 1. HP: 11/11 MP: 3/3
   281 | D:1      | Reached XP level 2. HP: 17/17 MP: 0/5
   647 | D:1      | Found a faded altar of an unknown god.
   672 | D:1      | Reached XP level 3. HP: 21/21 MP: 3/6
   739 | D:1      | Learned a level 3 spell: Frozen Ramparts
  1092 | D:2      | Found a shimmering altar of Xom.
  1233 | D:2      | Reached skill level 5 in Ice Magic
  1248 | D:2      | Reached XP level 4. HP: 22/27 MP: 7/7
  1390 | D:2      | Identified the +5 rapier "Fenn" {antimagic, +Blink rC+}
  1678 | D:3      | Found a sacrificial altar of Ru.
  1883 | D:3      | Reached skill level 1 in Short Blades
  1987 | D:3      | Found a hide-covered altar of Uskayaw.
  2022 | D:3      | Reached skill level 2 in Short Blades
  2022 | D:3      | Reached XP level 5. HP: 26/31 MP: 3/9
  2515 | D:3      | Identified the +0 leather armour of Uhud {*Slow rElec rCorr
                  | Str-3}
  2548 | D:4      | Found a glowing silver altar of Zin.
  2548 | D:4      | Found a shimmering altar of Xom.
  2548 | D:4      | Found an ornate altar of the Wu Jian Council.
  2548 | D:4      | Found an iron altar of Okawaru.
  2548 | D:4      | Found a radiant altar of Vehumet.
  2562 | D:4      | HP: 7/31 [orc/+0 hand axe (3)]
  2565 | D:4      | HP: 2/31 [orc wizard/+0 dagger (2)]
  2575 | D:3      | HP: 6/31 [kobold/+0 dagger (4)]
  2684 | D:4      | Reached skill level 3 in Short Blades
  2896 | D:4      | Reached XP level 6. HP: 20/36 MP: 3/10
  3048 | D:4      | Reached skill level 4 in Short Blades
  3226 | D:4      | Found a staircase to the Ecumenical Temple.
  3235 | Temple   | Entered the Ecumenical Temple
  3273 | D:4      | Became a worshipper of the Wu Jian Council
  3312 | D:4      | Found an opulent altar of Gozag.
  3734 | D:5      | Entered Level 5 of the Dungeon
  3748 | D:5      | Reached skill level 5 in Short Blades
  3904 | D:5      | Reached XP level 7. HP: 41/41 MP: 3/11
  4023 | D:5      | Reached skill level 6 in Short Blades
  4611 | D:5      | Reached skill level 7 in Short Blades
  4981 | D:5      | Reached * piety under Wu Jian
  5167 | D:5      | Found a blossoming altar of Fedhas.
  5258 | D:6      | Reached XP level 8. HP: 33/46 MP: 4/12
  5274 | D:6      | Reached skill level 8 in Short Blades
  5629 | D:6      | Found Isugat's Neck Hole.
  5634 | D:6      | Bought an amulet of regeneration for 300 gold pieces
  5728 | D:6      | Reached skill level 9 in Short Blades
  6047 | D:6      | Found an ancient bone altar of Kikubaaqudgha.
  6171 | D:7      | Identified the "Faxa"
  6341 | D:7      | HP: 9/46 [gnoll sergeant/+0 spear (13)]
  6418 | D:6      | Reached skill level 1 in Fighting
  6536 | D:7      | Reached skill level 10 in Short Blades
  6539 | D:7      | Reached skill level 2 in Fighting
  6539 | D:7      | Reached XP level 9. HP: 37/54 MP: 4/13
  6590 | D:7      | HP: 12/55 [killer bee (7)]
  6668 | D:7      | Reached ** piety under Wu Jian
  6758 | D:7      | Learned a level 3 spell: Ozocubu's Armour
  6785 | D:7      | Found a glowing golden altar of the Shining One.
  6788 | D:7      | Noticed an angel
  6868 | D:7      | Reached skill level 3 in Fighting
  6919 | D:7      | Found a transporter.
  6922 | D:7      | Noticed an ancient zyme
  6923 | D:7      | Noticed a brown ugly thing
  6924 | D:7      | Found a corrupted altar of Lugonu.
  6924 | D:7      | Noticed a purple ugly thing
  6926 | D:7      | Noticed a white ugly thing
  6985 | D:7      | Found a transporter.
  7024 | D:7      | Found a basalt altar of Yredelemnul.
  7027 | D:7      | Noticed a profane servitor
  7056 | D:7      | Reached skill level 3 in Stealth
  7096 | D:8      | Noticed a death yak
  7099 | D:7      | HP: 11/54 [hell rat (18)]
  7099 | D:7      | HP: 2/52 [orc/+0 club (4)]
  7100 | D:7      | Mangled by a hell rat

Illustrated notes

Levels and vault maps discovered:
D:1:      dpeg_cavernosity, layout_rooms, hellmonk_ecumenical_altar_blasted,
          amethyst_killhole
D:2:      layout_basic, basic_altar
D:3:      minmay_chambers_of_twos, layout_basic, nicolae_ru_awakened_eye,
          mainiacjoe_overflow_concentric_impassable, serial_aquarium,
          aquarium_bridge_square [aquarium_subvault_wall,
          aquarium_subvault_bridge, aquarium_subvault_bridge,
          aquarium_subvault_bridge], aquarium_window_fake, aquarium_window_2,
          aquarium_window_corner, aquarium_view_2e
D:4:      layout_basic, nicolae_gozag_seed_capital, grunt_temple_overflow_open,
          minmay_temple_entry_drinking_statues, serial_rivers,
          chequers_serial_rivers_room_a, chequers_serial_rivers_large_a,
          chequers_serial_rivers_micro_d, chequers_serial_rivers_micro_c,
          chequers_serial_rivers_large_b, chequers_serial_rivers_small_3
D:5:      layout_basic, fedhas_altar_decomposition, hangedman_decor_lopped,
          amcnicky_mini_corridor_feature
D:6:      layout_gridville, lemuel_zombie_altar_kikubaaqudgha, serial_bayou,
          serial_bayou_pond_a, serial_bayou_shore_b, serial_bayou_shore_a,
          serial_bayou_lake_a, nicolae_shop_sticking_my_neck_out
D:7:      gammafunk_corrupted_shrine, layout_rooms,
          grunt_temple_overflow_holy_war
D:8:      layout_loops_ring, dpeg_lair_monsters
Temple:   chequers_temple_sunken

Skill      XL: |  1  2  3  4  5  6  7  8  9 |
---------------+----------------------------+-----
Ice Magic      | 5 |  5.2
Short Blades   | 2 3 5 7 10 | 10.7
Fighting       | 2 3 |  3.2
Stealth        | 3 |  3.0
Dodging        | |  2.0
Spellcasting   | |  2.7

Action                     |  1- 3 |  4- 6 |  7- 9 || total
---------------------------+-------+-------+-------++-------
  Melee: Unarmed           |     4 |       |       ||     4
         Tentacles         |    16 |    22 |    47 ||    85
         Constrict         |    16 |    29 |    37 ||    82
         Punch             |     1 |       |     4 ||     5
         Dagger            |    51 |    23 |       ||    74
         Rapier            |       |   117 |   219 ||   336
   Cast: Freeze            |    32 |       |       ||    32
Ability: Lunge             |       |     8 |    10 ||    18
  Evoke: Wand              |       |       |     6 ||     6
    Use: Scroll            |       |     5 |     2 ||     7
         Potion            |       |     2 |     2 ||     4
   Stab: Sleeping          |     2 |    21 |     4 ||    27
         Distracted        |       |     1 |       ||     1
         Paralysed         |       |       |     1 ||     1
 Armour: Skin              |    33 |    70 |   160 ||   263
  Dodge: Dodged            |    54 |    79 |   124 ||   257
  Block: Buckler           |       |    18 |    31 ||    49

Table legend: (Time is in decaauts)
 A = Elapsed time spent in this place.
 B = Non-inter-level travel time spent in this place.
 C = Inter-level travel time spent in this place.
 D = Time resting spent in this place.
 E = Time spent auto-exploring this place.
 F = Levels seen in this place.
 G = Mean time per level.
                   A        B        C        D        E       F      G
               +--------+--------+--------+--------+--------+-----+--------+
         Total |   7098 |   6797 |    301 |   1113 |   4450 |   9 |  788.7 |
       Dungeon |   7097 |   6796 |    301 |   1113 |   4450 |   8 |  887.1 |
        Temple |      1 |      1 |      0 |      0 |      0 |   1 |    1.0 |
               +--------+--------+--------+--------+--------+-----+--------+

Top non-repeatable levels by time:
     D:5: 1419 daAuts
     D:6: 1250 daAuts
     D:3: 1105 daAuts
     D:1: 1089 daAuts
     D:4: 1046 daAuts
     D:7: 591 daAuts
     D:2: 588 daAuts
     D:8: 7 daAuts
  Temple: 1 daAuts

Levels and vault maps discovered:
D:1:      dpeg_cavernosity, layout_rooms, hellmonk_ecumenical_altar_blasted,
          amethyst_killhole
D:2:      layout_basic, basic_altar
D:3:      minmay_chambers_of_twos, layout_basic, nicolae_ru_awakened_eye,
          mainiacjoe_overflow_concentric_impassable, serial_aquarium,
          aquarium_bridge_square [aquarium_subvault_wall,
          aquarium_subvault_bridge, aquarium_subvault_bridge,
          aquarium_subvault_bridge], aquarium_window_fake, aquarium_window_2,
          aquarium_window_corner, aquarium_view_2e
D:4:      layout_basic, nicolae_gozag_seed_capital, grunt_temple_overflow_open,
          minmay_temple_entry_drinking_statues, serial_rivers,
          chequers_serial_rivers_room_a, chequers_serial_rivers_large_a,
          chequers_serial_rivers_micro_d, chequers_serial_rivers_micro_c,
          chequers_serial_rivers_large_b, chequers_serial_rivers_small_3
D:5:      layout_basic, fedhas_altar_decomposition, hangedman_decor_lopped,
          amcnicky_mini_corridor_feature
D:6:      layout_gridville, lemuel_zombie_altar_kikubaaqudgha, serial_bayou,
          serial_bayou_pond_a, serial_bayou_shore_b, serial_bayou_shore_a,
          serial_bayou_lake_a, nicolae_shop_sticking_my_neck_out
D:7:      gammafunk_corrupted_shrine, layout_rooms,
          grunt_temple_overflow_holy_war
D:8:      layout_loops_ring, dpeg_lair_monsters
Temple:   chequers_temple_sunken

Table legend: (Time is in decaauts)
 A = Elapsed time spent in this place.
 B = Non-inter-level travel time spent in this place.
 C = Inter-level travel time spent in this place.
 D = Time resting spent in this place.
 E = Time spent auto-exploring this place.
 F = Levels seen in this place.
 G = Mean time per level.
                   A        B        C        D        E       F      G
               +--------+--------+--------+--------+--------+-----+--------+
         Total |   7098 |   6797 |    301 |   1113 |   4450 |   9 |  788.7 |
       Dungeon |   7097 |   6796 |    301 |   1113 |   4450 |   8 |  887.1 |
        Temple |      1 |      1 |      0 |      0 |      0 |   1 |    1.0 |
               +--------+--------+--------+--------+--------+-----+--------+

Top non-repeatable levels by time:
     D:5: 1419 daAuts
     D:6: 1250 daAuts
     D:3: 1105 daAuts
     D:1: 1089 daAuts
     D:4: 1046 daAuts
     D:7: 591 daAuts
     D:2: 588 daAuts
     D:8: 7 daAuts
  Temple: 1 daAuts

Table legend:
 A = Kills in this place as a percentage of kills in the entire game.
 B = Kills by you in this place as a percentage of kills by you in the entire game.
 C = Kills by friends in this place as a percentage of kills by friends in the entire game.
 D = Other kills in this place as a percentage of other kills in the entire game.
 E = Experience gained in this place as a percentage of experience gained in the entire game.
 F = Experience gained in this place divided by the number of levels of this place that you have seen.
                   A       B       C       D       E      F
               +-------+-------+-------+-------+-------+----------------------
         Total | 100.0 | 100.0 |   N/A |   N/A | 100.0 | 344.2
       Dungeon | 100.0 | 100.0 |   N/A |   N/A | 100.0 | 387.2
               +-------+-------+-------+-------+-------+----------------------
